AoeStats
← Pumchakalaka

QS Arena

503265481Analyzed
2v2 RM · 1mo ago on Aug 30, 2026· 43m 2s· 4 players
Game mode
Random Map
Map size
Medium (4 player)
Population
200
Speed
Normal
Resources
Standard
Victory
Conquest
Starting age
Dark Age
Ending age
Imperial Age
RankedLock teamsTeams togetherTeam positionsShared explorationLock speedFull tech treeHidden civsTurbo modeCheats
Victory
Defeat
🇦🇷 Spanish · Argentina
605
+11
🇦🇷 Burmese · Argentina
575
+13
🇨🇴 Spanish · Colombia
526
-13
🇫🇷 Celts · France
478
-11
WARRIOR9608
12:34 Feudal Age
20:09 Castle Age
20:24 Horse Collar
20:35 Double-Bit Axe
21:36 Stone Mining
21:39 Gold Mining
23:48 Stone Shaft Mining
27:39 Caravan
31:43 Bow Saw
35:42 Imperial Age
37:38 Chemistry
37:57 Cavalier
38:39 Husbandry
Pumchakalaka
0:42 Loom
10:47 Feudal Age
11:31 Double-Bit Axe
11:28 Horse Collar
12:29 Wheelbarrow
13:40 Town Watch
13:59 Scale Mail Armor
14:10 Forging
13:49 Arson
18:40 Stone Mining
18:47 Gold Mining
22:37 Castle Age
20:16 Man-at-Arms
21:14 Forging
21:31 Stone Mining
21:50 Scale Barding Armor
23:45 Bow Saw
24:15 Light Cavalry
24:56 Husbandry
25:17 Heavy Plow
26:39 Hand Cart
27:12 Pikeman
34:43 Imperial Age
32:13 Elite Skirmisher
35:38 Onager
40:17 Furor Celtica
Alter
1:46 Loom
10:01 Feudal Age
10:46 Double-Bit Axe
15:52 Castle Age
16:57 Wheelbarrow
21:53 Horse Collar
24:41 Fervor
28:38 Imperial Age
27:46 Scale Barding Armor
29:27 Ballistics
31:44 Conscription
33:00 Light Cavalry
33:45 Husbandry
33:56 Bloodlines
35:00 Chemistry
35:13 Fletching
35:45 Chain Barding Armor
36:15 Bodkin Arrow
36:33 Forging
36:04 Light Cavalry
37:42 Plate Barding Armor
38:17 Elite Conquistador
40:31 Iron Casting
castilla_602
9:29 Feudal Age
15:24 Castle Age
13:27 Man-at-Arms
17:19 Husbandry
16:42 Long Swordsman
17:08 Gambesons
21:06 Wheelbarrow
21:32 Horse Collar
23:35 Forging
23:28 Scale Mail Armor
23:34 Scale Barding Armor
23:52 Hand Cart
23:42 Gold Mining
23:52 Stone Mining
24:42 Heavy Plow
26:01 Chain Mail Armor
27:59 Iron Casting
27:45 Chain Barding Armor
28:54 Gold Shaft Mining
28:58 Caravan
29:31 Coinage
29:53 Town Watch
38:50 Imperial Age
41:15 Blast Furnace
40:46 Plate Mail Armor
40:52 Plate Barding Armor
40:34 Guilds
40:55 Banking
41:03 Cavalier
41:06 Two-Handed Swordsman
41:57 Champion
43:48 Chemistry
Connection lost

Rejoining the realm…

Still unreachable

The connection could not be restored.

Session expired

The server has moved on; the page needs a fresh start.